SAA
LANCASTER FARMERS @ BETHESDA ATOMS
05/10/2034
 
TOP OF THE 1ST
Lancaster Farmers batting - Pitching for Bethesda Atoms : LHP Shunsho Mizuno
Pitching: LHP Shunsho Mizuno
Batting: LHB Ramón Padilla 0-0: Ball
1-0: Fly out, F8 (Flyball, 8LS)
Batting: RHB José Medina 0-0: Called Strike
0-1: SINGLE (Line Drive, 8LS)
Batting: SHB Ray Carey 0-0: Ball
1-0: TRIPLE (Flyball, 89XD)
José Medina scores
Batting: RHB Domingo Altamirańo 0-0: Ball
1-0: Ball
2-0: Fly out, F8 (Flyball, 8RXD)
Runner from 3rd tags up, SCORES, no throw
Batting: RHB Jesús Herrera 0-0: Ball
1-0: Ball
2-0: Called Strike
2-1: Ball
3-1: SINGLE (Flyball, 7S)
Batting: RHB Min-tae Yi 0-0: Swinging Strike
0-1: Ball
1-1: Called Strike
1-2: Fly out, F5 (Line Drive, 5S)
Top of the 1st over - 2 runs, 3 hits, 0 errors, 1 left on base; Lancaster 2 - Bethesda 0
BOTTOM OF THE 1ST
Bethesda Atoms batting - Pitching for Lancaster Farmers : RHP Alexander Eatwell
Pitching: RHP Alexander Eatwell
Batting: LHB Jorge Ortíz 0-0: Ball
1-0: Called Strike
1-1: Called Strike
1-2: Foul Ball, location: 2F
1-2: Ball
2-2: Foul Ball, location: 2F
2-2: Foul Ball, location: 2F
2-2: Foul Ball, location: 2F
2-2: Foul Ball, location: 2F
2-2: Foul Ball, location: 2F
2-2: Ball
3-2: Ground out 5-3 (Groundball, 5)
Batting: RHB Tomás Gonzáles 0-0: Ball
1-0: DOUBLE (Line Drive, 9LM)
Batting: LHB Pedro Corona 0-0: Called Strike
0-1: Ball
1-1: Swinging Strike
1-2: Foul Ball, location: 2F
1-2: Ball
2-2: Foul Ball, location: 2F
2-2: Foul Ball, location: 2F
2-2: Ground out 6-3 (Groundball, 6)
Batting: RHB José Leyva 0-0: Called Strike
0-1: Ball
1-1: SINGLE (Groundball, 56D)
Tomás Gonzáles to third
Runner from 3rd tries for Home, SAFE, no throw
Batting: RHB Renato Zuvic 0-0: Swinging Strike
0-1: Ball
1-1: Foul Ball, location: 2F
1-2: Ball
2-2: Ball
3-2: Ground out 4-3 (Groundball, 4S)
Bottom of the 1st over - 1 run, 2 hits, 0 errors, 1 left on base; Lancaster 2 - Bethesda 1
TOP OF THE 2ND
Lancaster Farmers batting - Pitching for Bethesda Atoms : LHP Shunsho Mizuno
Batting: RHB Rusty Fox 0-0: Swinging Strike
0-1: Ball
1-1: Swinging Strike
1-2: Ball
2-2: Strikes out looking
Batting: LHB Joe Davidson 0-0: Called Strike
0-1: Swinging Strike
0-2: Ball
1-2: Foul Ball, location: 2F
1-2: Ball
2-2: Ball
3-2: Foul Ball, location: 2F
3-2: Base on Balls
Batting: RHB Cisco Gómez 0-0: Called Strike
0-1: SINGLE (Flyball, 78S)
Joe Davidson to second
Batting: LHB Ramón Padilla 0-0: SINGLE (Line Drive, 78S)
Joe Davidson to third
Cisco Gómez to second
Batting: RHB José Medina 0-0: Called Strike
0-1: Grounds into double play, 5-4-3 (Groundball, 56)
Top of the 2nd over - 0 runs, 2 hits, 0 errors, 2 left on base; Lancaster 2 - Bethesda 1
BOTTOM OF THE 2ND
Bethesda Atoms batting - Pitching for Lancaster Farmers : RHP Alexander Eatwell
Batting: RHB Enrique Ibarra 0-0: Fly out, F8 (Flyball, 8LD)
Batting: RHB Bartolo Rosas 0-0: Ball
1-0: Foul Ball, location: 2F
1-1: SINGLE (Line Drive, 8RS)
Batting: RHB Craig Beach 0-0: Ball
1-0: Ball
2-0: Ball
3-0: Base on Balls
Bartolo Rosas to second
Batting: SHB Pedro Ortega 0-0: Swinging Strike
0-1: Ball
1-1: Foul Ball, location: 2F
1-2: Ball
2-2: Ball
3-2: Foul Ball, location: 2F
3-2: Fly out, F8 (Flyball, 8RD)
Batting: LHB Jorge Ortíz 0-0: Swinging Strike
0-1: Foul Ball, location: 2F
0-2: Ball
Wild Pitch!
Bartolo Rosas to third
Craig Beach to second
1-2: SINGLE (Groundball, 6D)
Bartolo Rosas scores
Craig Beach to third
Runner from 3rd tries for Home, SAFE, no throw
Batting: RHB Tomás Gonzáles 0-0: Foul Ball, location: 2F
0-1: Foul Ball, location: 2F
0-2: Ball
1-2: Foul Ball, location: 2F
1-2: Fly out, F8 (Flyball, 8LD)
Bottom of the 2nd over - 2 runs, 2 hits, 0 errors, 1 left on base; Lancaster 2 - Bethesda 3
TOP OF THE 3RD
Lancaster Farmers batting - Pitching for Bethesda Atoms : LHP Shunsho Mizuno
Batting: SHB Ray Carey 0-0: Foul Ball, location: 2F
0-1: Swinging Strike
0-2: Ball
1-2: Strikes out swinging
Batting: RHB Domingo Altamirańo 0-0: Ball
1-0: Foul Ball, location: 2F
1-1: Foul Ball, location: 2F
1-2: Foul Ball, location: 2F
1-2: Foul Ball, location: 2F
1-2: Ball
2-2: Ball
3-2: Foul Ball, location: 2F
3-2: Ground out 5-3 (Groundball, 25)
Batting: RHB Jesús Herrera 0-0: Fly out, F7 (Flyball, 7S)
Top of the 3rd over - 0 runs, 0 hits, 0 errors, 0 left on base; Lancaster 2 - Bethesda 3
BOTTOM OF THE 3RD
Bethesda Atoms batting - Pitching for Lancaster Farmers : RHP Alexander Eatwell
Batting: LHB Pedro Corona 0-0: SINGLE (Line Drive, 56D)
Batting: RHB José Leyva 0-0: Called Strike
0-1: Ball
1-1: Ball
2-1: Fly out, F9 (Flyball, 9)
Batting: RHB Renato Zuvic 0-0: Ball
1-0: Ball
2-0: Ball
3-0: Base on Balls
Pedro Corona to second
Batting: RHB Enrique Ibarra 0-0: Foul Ball, location: 2F
0-1: Fly out, F5 (Line Drive, 6)
Batting: RHB Bartolo Rosas 0-0: Fly out, F9 (Flyball, 9LM)
Bottom of the 3rd over - 0 runs, 1 hit, 0 errors, 2 left on base; Lancaster 2 - Bethesda 3
TOP OF THE 4TH
Lancaster Farmers batting - Pitching for Bethesda Atoms : LHP Shunsho Mizuno
Batting: RHB Min-tae Yi 0-0: Ball
1-0: Called Strike
1-1: Called Strike
1-2: Fly out, F3 (Popup, 34)
Batting: RHB Rusty Fox 0-0: Ground out U3 (Groundball, 34)
Batting: LHB Joe Davidson 0-0: Ball
1-0: Called Strike
1-1: Ball
2-1: Ball
3-1: Called Strike
3-2: Strikes out swinging
Top of the 4th over - 0 runs, 0 hits, 0 errors, 0 left on base; Lancaster 2 - Bethesda 3
BOTTOM OF THE 4TH
Bethesda Atoms batting - Pitching for Lancaster Farmers : RHP Alexander Eatwell
Batting: RHB Craig Beach 0-0: Ball
1-0: Called Strike
1-1: Fly out, F9 (Line Drive, 89M)
Batting: SHB Pedro Ortega 0-0: Foul Ball, location: 2F
0-1: Ground out 4-3 (Groundball, 4D)
Batting: LHB Jorge Ortíz 0-0: Ball
1-0: Ground out 4-3 (Groundball, 4)
Bottom of the 4th over - 0 runs, 0 hits, 0 errors, 0 left on base; Lancaster 2 - Bethesda 3
TOP OF THE 5TH
Lancaster Farmers batting - Pitching for Bethesda Atoms : LHP Shunsho Mizuno
Batting: RHB Cisco Gómez 0-0: Called Strike
0-1: Ground out 6-3 (Groundball, 6)
Batting: LHB Ramón Padilla 0-0: Swinging Strike
0-1: Ball
1-1: Fly out, F6 (Line Drive, 6M)
Batting: RHB José Medina 0-0: Ball
1-0: Ball
2-0: Called Strike
2-1: Foul Ball, location: 2F
2-2: Ball
3-2: Foul Ball, location: 2F
3-2: Fly out, F8 (Flyball, 8LM)
Top of the 5th over - 0 runs, 0 hits, 0 errors, 0 left on base; Lancaster 2 - Bethesda 3
BOTTOM OF THE 5TH
Bethesda Atoms batting - Pitching for Lancaster Farmers : RHP Alexander Eatwell
Batting: RHB Tomás Gonzáles 0-0: Foul Ball, location: 2F
0-1: Called Strike
0-2: Ball
1-2: Ball
2-2: Ball
3-2: Base on Balls
Batting: LHB Pedro Corona 0-0: Ball
1-0: Ball
2-0: Foul Ball, location: 2F
2-1: Foul Ball, location: 2F
2-2: Foul Ball, location: 2F
2-2: Foul Ball, location: 2F
2-2: Foul Ball, location: 2F
2-2: Foul Ball, location: 2F
2-2: Fly out, F7 (Flyball, 7LMF)
Batting: RHB José Leyva 0-0: Fly out, F7 (Flyball, 7D)
Batting: RHB Renato Zuvic 0-0: Called Strike
0-1: Ball
1-1: Ball
2-1: Foul Ball, location: 2F
2-2: Foul Ball, location: 2F
2-2: Ball
3-2: Base on Balls
Tomás Gonzáles to second
Batting: RHB Enrique Ibarra 0-0: Swinging Strike
0-1: Swinging Strike
0-2: Ball
1-2: Foul Ball, location: 2F
1-2: Ball
2-2: Ball
3-2: DOUBLE (Line Drive, 8RD)
Tomás Gonzáles scores
Renato Zuvic to third
Renato Zuvic scores
Batting: RHB Bartolo Rosas 0-0: Foul Ball, location: 2F
0-1: Ball
1-1: Ball
2-1: Called Strike
2-2: Strikes out swinging
Bottom of the 5th over - 2 runs, 1 hit, 0 errors, 1 left on base; Lancaster 2 - Bethesda 5
TOP OF THE 6TH
Lancaster Farmers batting - Pitching for Bethesda Atoms : LHP Shunsho Mizuno
Batting: SHB Ray Carey 0-0: Swinging Strike
0-1: SINGLE (Groundball, 25) (infield hit)
Batting: RHB Domingo Altamirańo 0-0: Ball
1-0: Ball
2-0: Called Strike
2-1: Called Strike
2-2: Strikes out swinging
Batting: RHB Jesús Herrera 0-0: Ball
1-0: Foul Ball, location: 2F
1-1: Called Strike
1-2: Foul Ball, location: 2F
1-2: Fly out, F3 (Popup, 3SF)
Batting: RHB Min-tae Yi 0-0: Foul Ball, location: 2F
0-1: Ball
1-1: Ball
2-1: Ball
Ray Carey steals 2nd base
3-1: Ground out 5-3 (Groundball, 5)
Top of the 6th over - 0 runs, 1 hit, 0 errors, 1 left on base; Lancaster 2 - Bethesda 5
BOTTOM OF THE 6TH
Bethesda Atoms batting - Pitching for Lancaster Farmers : RHP Alexander Eatwell
Batting: RHB Craig Beach 0-0: Called Strike
0-1: Ball
1-1: Fly out, F8 (Flyball, 8RS)
Batting: SHB Pedro Ortega 0-0: Ball
1-0: Ball
2-0: Called Strike
2-1: Ball
3-1: Ground out 4-3 (Groundball, 4S)
Batting: LHB Jorge Ortíz 0-0: Ball
1-0: Called Strike
1-1: Swinging Strike
1-2: Foul Ball, location: 2F
1-2: Ball
2-2: Foul Ball, location: 2F
2-2: Ball
3-2: Base on Balls
Pitching: RHP Benedicto Castellon
Batting: RHB Tomás Gonzáles 0-0: Called Strike
0-1: Fly out, F7 (Flyball, 7S)
Bottom of the 6th over - 0 runs, 0 hits, 0 errors, 1 left on base; Lancaster 2 - Bethesda 5
TOP OF THE 7TH
Lancaster Farmers batting - Pitching for Bethesda Atoms : LHP Shunsho Mizuno
Batting: RHB Rusty Fox 0-0: Reached on error, E1 (Groundball, P)
Batting: LHB Joe Davidson 0-0: Ball
1-0: Swinging Strike
1-1: Foul Ball, location: 2F
1-2: Strikes out swinging
Pitching: LHP Ben Olsen
Batting: RHB Cisco Gómez 0-0: Ball
1-0: Foul Ball, location: 2F
1-1: Ground out U3 (Groundball, 23)
Rusty Fox to third
Batting: LHB Ramón Padilla 0-0: Ball
1-0: Ball
2-0: Ball
3-0: Base on Balls
Batting: RHB José Medina 0-0: Ball
1-0: Ball
2-0: Called Strike
2-1: Ball
3-1: Foul Ball, location: 2F
3-2: Fly out, F9 (Flyball, 9)
Top of the 7th over - 0 runs, 0 hits, 1 error, 2 left on base; Lancaster 2 - Bethesda 5
BOTTOM OF THE 7TH
Bethesda Atoms batting - Pitching for Lancaster Farmers : RHP Benedicto Castellon
Batting: LHB Pedro Corona 0-0: Ball
1-0: Ball
2-0: Ball
3-0: Called Strike
3-1: Swinging Strike
3-2: Foul Ball, location: 2F
3-2: SINGLE (Groundball, 34D)
Batting: RHB José Leyva 0-0: Called Strike
0-1: Ball
1-1: Ball
2-1: Reached on error, E4 (Groundball, 4)
Pedro Corona to second
Batting: RHB Renato Zuvic 0-0: Ball
1-0: Foul Ball, location: 2F
1-1: Ball
2-1: Ball
3-1: Called Strike
3-2: Base on Balls
Pedro Corona to third
José Leyva to second
Batting: RHB Enrique Ibarra 0-0: Foul Ball, location: 2F
0-1: Foul Ball, location: 2F
0-2: Fly out, F4 (Popup, 3D)
Batting: RHB Bartolo Rosas 0-0: Ball
1-0: Called Strike
1-1: Swinging Strike
1-2: Fly out, F8 (Flyball, 8RXD)
Runner from 3rd tags up, SCORES, no throw
Batting: RHB Craig Beach 0-0: Called Strike
0-1: Ball
1-1: Foul Ball, location: 2F
1-2: Ground out 3-1 (Groundball, 34S)
Bottom of the 7th over - 1 run, 1 hit, 1 error, 2 left on base; Lancaster 2 - Bethesda 6
TOP OF THE 8TH
Lancaster Farmers batting - Pitching for Bethesda Atoms : LHP Ben Olsen
Batting: SHB Ray Carey 0-0: Called Strike
0-1: Fly out, F6 (Line Drive, 56)
Batting: RHB Domingo Altamirańo 0-0: Foul Ball, location: 2F
0-1: Ground out 6-3 (Groundball, 6)
Batting: RHB Jesús Herrera 0-0: Foul Ball, location: 2F
0-1: Foul Ball, location: 2F
0-2: Ball
1-2: Ball
2-2: Foul Ball, location: 2F
2-2: Ground out 5-3 (Groundball, 56)
Top of the 8th over - 0 runs, 0 hits, 0 errors, 0 left on base; Lancaster 2 - Bethesda 6
BOTTOM OF THE 8TH
Bethesda Atoms batting - Pitching for Lancaster Farmers : RHP Benedicto Castellon
Batting: SHB Pedro Ortega 0-0: Called Strike
0-1: Called Strike
0-2: Foul Ball, location: 2F
0-2: Ball
1-2: Strikes out looking
Batting: LHB Jorge Ortíz 0-0: Ball
1-0: Foul Ball, location: 2F
1-1: SINGLE (Groundball, 34D)
Batting: RHB Tomás Gonzáles 0-0: Called Strike
Jorge Ortíz steals 2nd base
0-1: SINGLE (Groundball, 56S) (infield hit)
Jorge Ortíz to third
Batting: LHB Pedro Corona 0-0: Ball
1-0: Grounds into double play, 4-6-3 (Groundball, 4)
Bottom of the 8th over - 0 runs, 2 hits, 0 errors, 1 left on base; Lancaster 2 - Bethesda 6
TOP OF THE 9TH
Lancaster Farmers batting - Pitching for Bethesda Atoms : LHP Ben Olsen
Batting: RHB Min-tae Yi 0-0: Ball
1-0: Called Strike
1-1: Foul Ball, location: 2F
1-2: DOUBLE (Flyball, 89D)
Batting: RHB Rusty Fox 0-0: Ground out U3 (Groundball, 34)
Min-tae Yi to third
Batting: LHB Joe Davidson 0-0: Ball
1-0: Ball
2-0: Ball
3-0: Base on Balls
Pitching: RHP Idowu Okonjo
Batting: RHB Cisco Gómez 0-0: Ball
1-0: Ball
2-0: Ball
3-0: Base on Balls
Joe Davidson to second
Batting: LHB Ramón Padilla 0-0: Ball
1-0: Ball
2-0: Foul Ball, location: 2F
2-1: Foul Ball, location: 2F
2-2: Foul Ball, location: 2F
2-2: Foul Ball, location: 2F
2-2: Ball
Passed Ball!
Min-tae Yi scores
Joe Davidson to third
Cisco Gómez to second
3-2: Foul Ball, location: 2F
3-2: Foul Ball, location: 2F
3-2: Base on Balls
Batting: RHB José Medina 0-0: Ball
1-0: Ball
2-0: Ball
3-0: Called Strike
3-1: Called Strike
3-2: Foul Ball, location: 2F
3-2: Base on Balls
Joe Davidson scores
Cisco Gómez to third
Ramón Padilla to second
Batting: SHB Ray Carey 0-0: Ball
1-0: Fly out, F7 (Flyball, 7S)
Runner from 3rd tags up, SCORES, no throw
Batting: RHB Domingo Altamirańo 0-0: Ball
1-0: Swinging Strike
1-1: Swinging Strike
1-2: Strikes out swinging
Top of the 9th over - 3 runs, 1 hit, 0 errors, 2 left on base; Lancaster 5 - Bethesda 6
Friday, March 29th, 2019 - OOTP Baseball 18.8 Build 76